 Dungeon Crawl Stone Soup version 0.22.1-2-g9c5b331 (webtiles) character file.

282 Yuikono the Shield-Bearer (level 6, -5/39 HPs)
             Began as a Gargoyle Fighter on Nov 29, 2018.
             Slain by an ogre
             ... wielding a +0 giant club
              (17 damage)
             ... on level 3 of the Dungeon.
             The game lasted 00:09:46 (2899 turns).

Yuikono the Shield-Bearer (Gargoyle Fighter)        Turns: 2899, Time: 00:09:47

Health: -5/39      AC: 16    Str: 20    XL:     6   Next: 28%
Magic:  6/6        EV:  5    Int:  9    God:
Gold:   98         SH: 11    Dex: 10    Spells: 5/5 levels left

rFire    . . .     SeeInvis .   a - +0 flail
rCold    . . .     Gourm    .   c - +0 shield
rNeg     + . .     Faith    .   l - +0 chain mail
rPois    ∞         Spirit   .   (no helmet)
rElec    +         Reflect  +   p - +0 cloak
rCorr    .         Harm     .   (no gloves)
MR       .....                  j - +0 pair of boots
Stlth    ..........             o - +2 amulet of reflection
HPRegen  0.13/turn              (no ring)
MPRegen  0.10/turn              (no ring)

@: no status effects
A: negative energy resistance 1, electricity resistance, unbreathing,
petrification resistance, rot immunity, AC +4
a: no special abilities


You were on level 3 of the Dungeon.
You were very hungry.

You visited 1 branch of the dungeon, and saw 3 of its levels.

You collected 98 gold pieces.

Inventory:

Hand Weapons
 a - a +0 flail (weapon)
Missiles
 e - 139 stones (quivered)
Armour
 c - a +0 shield (worn)
 j - a +0 pair of boots (worn)
 l - a +0 chain mail (worn)
 p - a +0 cloak (worn)
Jewellery
 k - an uncursed amulet of faith
 o - a +2 amulet of reflection (around neck)
Wands
 n - a wand of flame (24)
Scrolls
 b - a scroll of magic mapping {unknown}
 g - a scroll of immolation {unknown}
 h - 2 scrolls of identify {unknown}
 i - a scroll of enchant weapon {unknown}
 r - a scroll of teleportation {unknown}
 s - a scroll of fog {unknown}
Potions
 d - a potion of might
 m - 2 potions of curing {unknown}
 q - a potion of flight {unknown}
Comestibles
 f - 8 rations


   Skills:
 + Level 4.6 Fighting
 + Level 3.5 Maces & Flails
 + Level 4.6 Armour
 + Level 4.7 Shields


You had 5 spell levels left.
You didn't know any spells.
Your spell library contained the following spells:

 Spells                   Type           Power        Failure   Level  Hunger
 Magic Dart               Conj           #...         100%        1    ##.....
 Blink                    Tloc           N/A          100%        2    ###....
 Call Imp                 Summ           #.......     100%        2    ###....
 Slow                     Hex            #.......     100%        2    ###....
 Conjure Flame            Conj/Fire      #.......     100%        3    ####...
 Mephitic Cloud           Conj/Pois/Air  #.......     100%        3    ####...


Dungeon Overview and Level Annotations

Branches:
Dungeon (3/15)

Altars:
Fedhas
Kikubaaqudgha
Okawaru

Annotations:
D:3 3 runed doors, ThisFiasco's ghost, amateur DsBe


Innate Abilities, Weirdness & Mutations

You are resistant to torment.
Your stone body is resilient. (AC +4)
You are immune to poison.
You resist negative energy. (rN+)
You are resistant to electric shocks. (rElec)
You can survive without breathing.
You are immune to petrification.
You are immune to rotting.


Message History

The ogre is heavily wounded.
The ogre barely misses you.
Your chain mail prevents you from hitting the ogre.
The ogre is heavily wounded.
The ogre hits you but does no damage.
You hit the ogre.
The ogre is heavily wounded.
The ogre hits you with a giant club!!
You hit the ogre.
The ogre is heavily wounded.
The ogre hits you with a giant club!
* * * LOW HITPOINT WARNING * * *
You hit the ogre but do no damage.
The ogre is heavily wounded.
The ogre closely misses you.
Okay, then.
You barely miss the ogre.
The ogre is heavily wounded.
The ogre hits you with a giant club!
You die...

###+############
#........##.....
#........##.....
#........##.....
................ ###
#.........#..... #.%.###
#.........#.....
#..%'.###.........#.....
#...#.O@'.........#..... ###
#####.........#.....
#...............
###.#+#....##### ##'#+#....## #
#################..........# #
#........#.................# #
#.######.#....###..........####
#.#...........# #..........#...


You could see an ogre.

Vanquished Creatures
  An orc priest (D:3)
  Jessica (D:2)
  Crazy Yiuf (D:2)
  Ijyb (D:2)
  Natasha (thrice) (D:3)
  An adder (D:2)
  3 dart slugs
  2 leopard geckos
  6 orcs (D:3)
  4 giant cockroaches
  8 hobgoblins
  6 kobolds
  2 quokkas (D:2)
  A ball python (D:1)
  6 bats
  3 frilled lizards
  22 goblins
  A leopard gecko skeleton (D:2)
  4 rats
76 creatures vanquished.

Notes
Turn   | Place    | Note
-------+----------+-------------------------------------------
     0 | D:1      | Yuikono the Gargoyle Fighter began the quest for the Orb.
     0 | D:1      | Reached XP level 1. HP: 14/14 MP: 1/1
    87 | D:1      | Reached XP level 2. HP: 16/19 MP: 2/2
   455 | D:1      | Reached XP level 3. HP: 23/23 MP: 3/3
   591 | D:2      | Found an iron altar of Okawaru.
   740 | D:2      | Noticed Jessica
   748 | D:2      | Killed Jessica
   748 | D:2      | Reached XP level 4. HP: 29/29 MP: 4/4
   850 | D:2      | Noticed Ijyb
   881 | D:2      | Killed Ijyb
  1301 | D:2      | Reached XP level 5. HP: 33/33 MP: 5/5
  1319 | D:2      | Found a runed door.
  1323 | D:2      | Noticed Crazy Yiuf
  1325 | D:2      | Paralysed by Crazy Yiuf for 5 turns
  1335 | D:2      | Killed Crazy Yiuf
  1723 | D:3      | Noticed Natasha
  1728 | D:3      | Killed Natasha
  1847 | D:3      | Found a runed gate.
  1847 | D:3      | Found a runed gate.
  1847 | D:3      | Found a runed gate.
  1849 | D:3      | Noticed ThisFiasco's ghost (amateur DsBe)
  1877 | D:3      | Noticed Natasha
  1889 | D:3      | Killed Natasha
  1928 | D:3      | Noticed Natasha
  2059 | D:3      | Found an ancient bone altar of Kikubaaqudgha.
  2060 | D:3      | Found a blossoming altar of Fedhas.
  2203 | D:3      | Reached XP level 6. HP: 14/39 MP: 6/6
  2496 | D:3      | Killed Natasha
  2899 | D:3      | Slain by an ogre

Skill      XL: |  1  2  3  4 |
---------------+-------------+-----
Shields        | 4 |  4.7
Fighting       | 4 |  4.6
Armour         | 4 |  4.6
Maces & Flails | 3 |  3.5

Action                   |  1- 3 |  4- 6 || total
-------------------------+-------+-------++-------
Melee: Flail             |   105 |   220 ||   325
  Use: Scroll            |       |     1 ||     1
  Eat: Chunk             |       |     6 ||     6
Armor: Scale mail        |    34 |       ||    34
       Chain mail        |    22 |   109 ||   131
Dodge: Dodged            |    35 |    31 ||    66
Block: Shield            |    72 |   123 ||   195
